 Dungeon Crawl Stone Soup version 0.17-a0-1719-g1afd5a1 (webtiles) character file.

6357 KambridgeKobold the Fighter (level 10, -3/96 HPs)
             Began as a Minotaur Fighter on Aug 27, 2015.
             Was a Believer of Ru.
             Shot with a bolt by an orc warrior (16 damage)
             ... in a bailey.
             The game lasted 00:50:31 (11213 turns).

KambridgeKobold the Fighter (Minotaur Fighter)     Turns: 11213, Time: 00:50:31

Health: -3/96      AC: 18    Str: 19    XL:     10   Next: 65%
Magic:  9/9        EV:  8    Int:  6    God:    Ru [**....]
Gold:   511        SH:  0    Dex: 12    Spells: 0 memorised, 9 levels left

rFire  . . .     SeeInvis +     D - +1 flail (crush)
rCold  . . .     Clarity  .     Q - +3 chain mail {rPois}
rNeg   . . .     SustAt   +     (no shield)
rPois  +         Gourm    .     (helmet restricted)
rElec  .         Spirit   .     y - +0 cloak
rCorr  .         Warding  .     u - +0 pair of gloves
rMut   .         Stasis   .     (no boots)
MR     .....                    (no amulet)
Stlth  ..........               r - ring of see invisible
                                H - ring of sustain attributes

@: very slightly contaminated, not resistant to hostile enchantments, extremely
unstealthy
A: retaliatory headbutt, claws 1, horns 2, poison resistance, weak 1, no
stealth, inability to train dodging
a: Renounce Religion


You were in a bailey.
You worshipped Ru.
Ru was pleased with you.
You were not hungry.

You visited 2 branches of the dungeon, and saw 11 of its levels.
You also visited: Bailey.

You collected 511 gold pieces.

Inventory:

Hand weapons
 B - a +0 hunting sling of freezing
 D - a +1 flail of crushing (weapon)
 V - a +0 morningstar
Missiles
 s - 221 stones (quivered)
 S - 5 tomahawks
 T - a throwing net
Armour
 c - a +0 shield
 o - a +1 ring mail of fire resistance
 u - a +0 pair of gloves (worn)
 y - a +0 cloak (worn)
 Q - a +3 chain mail of poison resistance (worn)
 R - a +0 plate armour
Jewellery
 p - an uncursed ring of magical power
 r - a ring of see invisible (right hand)
 z - a +3 ring of intelligence
 H - a ring of sustain attributes (left hand)
Magical devices
 g - a wand of enslavement (16)
 A - a wand of cold (10)
 W - a wand of magic darts (37)
Scrolls
 h - 3 scrolls of fear
 i - 2 scrolls of noise {unknown}
 j - 5 scrolls of remove curse
 m - 4 scrolls of blinking
 q - a scroll of magic mapping
 x - a scroll of amnesia {unknown}
 F - 2 scrolls of teleportation {unknown}
 I - 2 scrolls of fog {unknown}
 N - a scroll of recharging {unknown}
 O - a scroll of enchant weapon {unknown}
Potions
 a - a potion of berserk rage
 b - a potion of degeneration {unknown}
 d - 3 potions of might
 f - a potion of magic {unknown}
 k - a potion of flight {unknown}
 t - 2 potions of lignification
 v - 3 potions of heal wounds
 w - 2 potions of mutation
 G - 2 potions of haste
 K - a potion of beneficial mutation {unknown}
 P - a potion of agility {unknown}
 U - 3 potions of curing {unknown}
 Y - a potion of brilliance {unknown}
Books
 n - a book of Maledictions

   Spells                             Type                      Level
   a - Corona                         Hexes                        1
   b - Ensorcelled Hibernation        Hexes/Ice                    2
   c - Confuse                        Hexes                        3
   d - Tukima's Dance                 Hexes                        3
   e - Dazzling Spray                 Conjuration/Hexes            3
 L - a book of Death

   Spells                             Type                      Level
   a - Corpse Rot                     Necromancy                   2
   b - Sublimation of Blood           Necromancy                   2
   c - Agony                          Necromancy                   5
   d - Dispel Undead                  Necromancy                   5
   e - Excruciating Wounds            Charms/Necromancy            5
   f - Bolt of Draining               Conjuration/Necromancy       5
Miscellaneous
 Z - a disc of storms
Comestibles
 e - 6 bread rations
 l - 4 meat rations
 C - 7 royal jellies
 E - a beef jerky
 J - 7 fruits
 M - a chunk of flesh
 X - a slice of pizza


   Skills:
 + Level 11.6 Fighting
 - Level 11.2 Maces & Flails
 - Level 11.5 Armour
 - Level 4.0 Shields


You had 9 spell levels left.
You didn't know any spells.

Dungeon Overview and Level Annotations

Branches:
Dungeon (10/15)            Temple (1/1) D:7            Lair (0/8) D:9
    Orc: D:9-12

Altars:
Ashenzari
Cheibriados
Dithmenos
Elyvilon
Fedhas
Gozag
Kikubaaqudgha
Makhleb
Nemelex Xobeh
Okawaru
Qazlal
Ru
Sif Muna
Trog
Vehumet
Xom
Yredelemnul
Zin
The Shining One
Jiyva

Shops:
D:8 *


Innate Abilities, Weirdness & Mutations

You reflexively headbutt those who attack you in melee.
You have a pair of horns on your head.
You cannot be stealthy.
You cannot train Dodging skill.
You have sharp fingernails.
Your system is resistant to poisons.
You are weak. (Str -2)


Message History

You kill the goblin!
You hear the faint creaking of a portcullis.
The goblin hits you but does no damage.
The world spins around you as you enter the gateway.
You enter a bailey!
The orc shouts!
The orc warrior shouts!
The orc warrior shouts!
Found two gates leading back out of this place.
There is an empty arch of ancient stone here.
The orc warrior is stunned by your will and fails to attack.
The orc warrior shouts!
The orc warrior shoots a bolt.
The bolt hits you!!
The orc warrior shouts!
The orc shouts!
The orc shouts!
The orc warrior hits you from afar with a bardiche!
* * * LOW HITPOINT WARNING * * *
The orc warrior barely misses you. The orc closely misses you.
The orc warrior hits you from afar with a bardiche.
* * * LOW HITPOINT WARNING * * *
The orc warrior shoots a bolt.
The bolt hits you!
You die...

### #########∩##
##.....##(∩.#
#..≈≈≈..#...#..≈
#.≈≈o≈≈.@.....≈≈o
+.≈ooo≈.......≈oo
#.≈≈o≈≈.......≈≈o≈
#..≈≈≈..#...#..≈≈≈
##.....##...##....
#########∩## ####
##


You could see 4 orc warriors and 2 orcs.

Vanquished Creatures
  A queen bee (D:8)
  Grinder (D:6)
  Prince Ribbit (D:5)
  Sigmund (D:6)
  A hungry ghost (D:9)
  Grum (D:9)
  A hippogriff (D:8)
  2 wolves (D:9)
  Edmund (D:6)
  Duvessa (D:5)
  2 black bears
  2 water moccasins
  An ice beast (D:7)
  2 orc warriors
  3 sky beasts
  3 ogres
  2 centaurs
  6 giant frogs
  Dowan (D:5)
  A wyvern skeleton (D:8)
  5 wights (D:8)
  11 crimson imps
  23 killer bees
  2 centaur zombies
  A gnoll shaman (D:7)
  4 orc priests
  3 hounds
  Crazy Yiuf (D:2)
  7 orc wizards
  A giant frog skeleton (D:8)
  2 jellies (D:5)
  Terence (D:2)
  4 worker ants
  3 iron imps (D:3)
  A hound zombie (D:5)
  4 worker ant zombies
  14 gnolls
  A shadow imp (D:10)
  15 adders
  2 oozes (D:1)
  2 worms
  5 adder skeletons
  6 giant geckos
  24 orcs
  5 ball pythons
  9 hobgoblins
  7 jackals (D:6)
  9 kobolds
  3 quokkas
  6 bats
  5 giant cockroaches
  A giant cockroach zombie (D:6)
  A giant gecko zombie (D:6)
  7 giant newts
  10 goblins
  4 rats
  A bush (D:6)
  A fungus (D:2)
245 creatures vanquished.

Notes
Turn   | Place    | Note
--------------------------------------------------------------
     0 | D:1      | KambridgeKobold the Minotaur Fighter began the quest for the Orb.
     0 | D:1      | Reached XP level 1. HP: 19/19 MP: 0/0
   388 | D:1      | Reached XP level 2. HP: 27/27 MP: 1/1
   545 | D:1      | Reached skill level 4 in Fighting
   888 | D:1      | Reached XP level 3. HP: 33/33 MP: 2/2
  1952 | D:2      | Reached XP level 4. HP: 39/41 MP: 3/3
  2215 | D:2      | Noticed Terence
  2227 | D:2      | Killed Terence
  2263 | D:2      | Noticed Crazy Yiuf
  2270 | D:2      | Killed Crazy Yiuf
  2270 | D:2      | Reached skill level 5 in Armour
  2471 | D:3      | Reached XP level 5. HP: 43/47 MP: 4/4
  2487 | D:3      | Reached skill level 5 in Fighting
  2567 | D:3      | Found a shimmering altar of Xom.
  2691 | D:3      | Reached XP level 6. HP: 52/56 MP: 5/5
  2953 | D:3      | Reached skill level 5 in Maces & Flails
  3017 | D:3      | Found an ancient bone altar of Kikubaaqudgha.
  3017 | D:3      | Found a shadowy altar of Dithmenos.
  3058 | D:3      | Found a burning altar of Makhleb.
  3071 | D:3      | Reached skill level 6 in Armour
  3555 | D:4      | Found a radiant altar of Vehumet.
  3746 | D:4      | Reached XP level 7. HP: 61/63 MP: 6/6
  3884 | D:4      | Found a glowing silver altar of Zin.
  3922 | D:5      | Entered Level 5 of the Dungeon
  3944 | D:5      | Noticed Prince Ribbit
  3955 | D:5      | Killed Prince Ribbit
  4291 | D:5      | Reached skill level 7 in Armour
  4697 | D:5      | Found a glowing golden altar of the Shining One.
  4735 | D:5      | Reached XP level 8. HP: 38/73 MP: 7/7
  5255 | D:5      | Noticed Duvessa
  5255 | D:5      | Noticed Dowan
  5271 | D:5      | Killed Duvessa
  5273 | D:5      | Killed Dowan
  5273 | D:5      | Reached skill level 8 in Armour
  5436 | D:5      | Found a glowing golden altar of the Shining One.
  5493 | D:6      | Found a shadowy altar of Dithmenos.
  5568 | D:6      | Noticed Sigmund
  5592 | D:6      | Killed Sigmund
  5646 | D:6      | Noticed Grinder
  5649 | D:6      | Paralysed by Grinder for 2 turns
  5664 | D:6      | Killed Grinder
  6165 | D:6      | Noticed Edmund
  6194 | D:6      | Killed Edmund
  6327 | D:6      | Reached XP level 9. HP: 63/82 MP: 8/8
  6333 | D:6      | Reached skill level 9 in Fighting
  6601 | D:6      | Found a blossoming altar of Fedhas.
  7321 | D:7      | Found a sacrificial altar of Ru.
  7329 | D:7      | Became a worshipper of Ru the Awakened
  7877 | D:7      | Found a bloodstained altar of Trog.
  7951 | D:7      | Found a staircase to the Ecumenical Temple.
  8498 | D:7      | Reached skill level 10 in Fighting
  8498 | D:7      | Reached skill level 10 in Armour
  8590 | Temple   | Entered the Ecumenical Temple
  8714 | D:8      | Gained mutation: You cannot be stealthy. [Ru sacrifice]
  8990 | D:8      | Reached skill level 10 in Maces & Flails
  9464 | D:8      | Found Ylanarom's Serpentskin Sales.
  9471 | D:8      | Reached XP level 10. HP: 90/94 MP: 9/9
  9894 | D:8      | Found an opulent altar of Gozag.
  9921 | D:8      | Reached skill level 11 in Fighting
 10077 | D:9      | Found a sparkling altar of Nemelex Xobeh.
 10078 | D:9      | Noticed Grum
 10108 | D:9      | Gained mutation: You are weak. (Str -2) [mutagenic meat]
 10109 | D:9      | Gained mutation: Your system is resistant to poisons. [mutagenic meat]
 10110 | D:9      | Gained mutation: You have sharp fingernails. [mutagenic meat]
 10130 | D:9      | Killed Grum
 10401 | D:9      | Found an iron altar of Okawaru.
 10733 | D:9      | Found a staircase to the Lair.
 10774 | D:9      | Gained mutation: You cannot train Dodging skill. [Ru sacrifice]
 10774 | D:9      | Acquired Ru's first power
 10774 | D:9      | Acquired Ru's second power
 11045 | D:10     | Entered Level 10 of the Dungeon
 11143 | D:10     | Noticed a hill giant
 11192 | D:10     | Found a flagged portal.
 11202 | Bailey   | Entered a bailey
 11213 | Bailey   | Shot with a bolt by an orc warrior

Vault maps used:
D:1:      elethiomel_arrival_maze, fountainhead
D:2:      uniq_crazy_yiuf_cottage, uniq_terence
D:3:      demons_altar, gammafunk_temple_overflow_elements, led_xom_imps,
          minmay_misc_feat_enclosed
D:4:      zin_statuary, nicolae_overflow_hidden_temple
D:5:      nicolae_tso_swordbearing_angel, first_bread, basic_altar,
          minivault_14, uniq_prince_ribbit1, uniq_duvessa
D:6:      fedhas_bush_and_centaur_altar, nicolae_dithmenos_shadow_blocks,
          uniq_grinder, uniq_sigmund, uniq_edmund
D:7:      nicolae_overflow_crystal_walls, nicolae_ru_sacrificial_ziggurat,
          minmay_temple_entry_poolview
D:8:      grunt_gozag_breadcrumbs, david_nohive_1, guppyfry_shop_venom
D:9:      old_standard_altar, old_standard_altar, lair_0_dummy, uniq_grum
D:10:     orc_0_dummy, enter_bailey_3
Temple:   pf_slimified_temple
Bailey:   bailey_polearm_4, bailey

Action                   |  1- 3 |  4- 6 |  7- 9 | 10-12 || total
-------------------------+-------+-------+-------+-------++-------
Melee: Flail             |    87 |   139 |   296 |   174 ||   696
       Spear             |       |       |    92 |       ||    92
Throw: Stone             |       |       |       |     3 ||     3
Invok: Sacrifice Stealth |       |       |     1 |       ||     1
       Sacrifice Nimblen |       |       |       |     1 ||     1
Evoke: Disc of storms    |       |       |       |     1 ||     1
  Use: Scroll            |     2 |       |     1 |     9 ||    12
  Eat: Chunk             |     3 |     6 |    17 |    12 ||    38
